 Dungeon Crawl Stone Soup version 0.30-a0-269-gf0224bf7b6 (webtiles) character file.

Game seed: 5114794320246677472

60 ryw the Trooper (level 3, -3/32 HPs)
             Began as a Demonspawn Monk on Oct 14, 2022.
             Was an Initiate of Yredelemnul.
             Slain by Grinder (4 damage)
             ... on level 2 of the Dungeon.
             The game lasted 00:05:32 (1810 turns).

ryw the Trooper (Demonspawn Monk)                   Turns: 1810, Time: 00:05:32

Health: -3/32      AC:  3    Str: 11    XL:     3   Next: 80%
Magic:  3/3        EV: 12    Int: 11    God:    Yredelemnul [......]
Gold:   62         SH:  4    Dex: 17    Spells: 2/2 levels left

rFire   . . .      SeeInvis .      - Unarmed
rCold   . . .      Faith    .    c - +0 buckler
rNeg    . . .      Spirit   .    a - +0 robe
rPois   .          Reflect  .    (no helmet)
rElec   .          Harm     .    (no cloak)
rCorr   .          Rampage  .    (no gloves)
Will    .....                    d - +0 pair of boots
Stlth   ++........               (no amulet)
HPRegen 0.25/turn                (no ring)
MPRegen 0.08/turn                (no ring)

@: no status effects
A: powered by pain 2
a: Renounce Religion, Recall Undead Harvest


You were on level 2 of the Dungeon.
You worshipped Yredelemnul.
Yredelemnul was noncommittal.
You visited 1 branch of the dungeon, and saw 3 of its levels.

You collected 62 gold pieces.

Inventory:

Hand Weapons
 n - a +0 war axe
Missiles
 m - 5 boomerangs (quivered)
Armour
 a - a +0 robe (worn)
 c - a +0 buckler (worn)
 d - a +0 pair of boots (worn)
Magical Staves
 l - a staff of fire
Scrolls
 e - 2 scrolls of identify
 f - 2 scrolls of blinking {unknown}
 h - a scroll of magic mapping {unknown}
 i - a scroll of fear {unknown}
 j - 2 scrolls of amnesia {unknown}
 o - a scroll of enchant armour {unknown}
 p - a scroll of torment {unknown}
 q - a scroll of vulnerability {unknown}
 r - a scroll of poison {unknown}
 s - a scroll of immolation {unknown}
Potions
 b - a potion of ambrosia
 g - a potion of brilliance
 k - a potion of heal wounds


   Skills:
 + Level 4.8 Fighting
 - Level 2.6 Dodging
 - Level 1.7 Stealth
 - Level 2.6 Unarmed Combat


You had 2 spell levels left.
You didn't know any spells.
Your spell library contained the following spells:

 Spells                   Type           Power      Damage    Failure   Level
 Manifold Assault         Tloc           0%         N/A       99%         4
 Yara's Violent Unravell  Hex/Tmut       0%         3d3       100%        5
 Dispersal                Tloc           0%         N/A       100%        6
 Enfeeble                 Hex            0%         N/A       100%        7
 Disjunction              Tloc           0%         N/A       100%        8


Dungeon Overview and Level Annotations

Branches:
Dungeon (3/15)

Altars:
Yredelemnul

Annotations:
D:2 Grinder


Innate Abilities, Weirdness & Mutations

You sometimes gain power by taking damage.


Message History

HP restored.
You swap places.
There is a stone staircase leading down here.
You climb downwards.
Your mindless puppet stays behind to rot.
Level annotation: Grinder
There is a stone staircase leading up here.
Grinder hits you.
You writhe in agony.
You climb upwards.
There is a stone staircase leading down here.
Okay, then.
Unknown command.
Okay, then.
Okay, then.
Unknown command.
Okay, then.
Unknown command.
Unknown command.
Okay, then.
You hit Grinder.
Grinder is lightly wounded.
Grinder hits you.
You writhe in agony.
You hit Grinder but do no damage.
Grinder is lightly wounded.
Grinder hits you!
You writhe in agony.
* * * LOW HITPOINT WARNING * * *
Okay, then.
Unknown command.
You hit Grinder.
Grinder is lightly wounded.
Grinder hits you.
* * * LOW HITPOINT WARNING * * *
You writhe in agony.
* * * LOW HITPOINT WARNING * * *
Unknown command.
You hit Grinder but do no damage.
Grinder is lightly wounded.
Grinder hits you.
You die...
Your body rises from the dead as a mindless zombie.

#Z######.#...................##..
Z....# #.....######...#...##.##.#
.....# ####...# #.........##....#
.....######.#.# #.#..............
.......)...##.###.#........#...##
...........##..#...........#...##
....)......###.#..##.......#.#.#.
..#......### #.#..)..............
...##...######..@##..#.......#.#.
...##.(....#....5#...#.#####.#.#.
..#..#.....#.###.#.....#...#...#.
...[..Z......# #.#..#..#._.#.###.
#.....Z....### #.#..##.#...#.....
#....##Z...# #.#..##.#.<.#.###.
...#.#ZZ...# #.#..##.#...#.# #.
..##.ZZ##### #.#..#..#####.# #.
#####Z## #...........Z.# #.


You could see Grinder.

Vanquished Creatures
  A dart slug (D:2)
  2 ball pythons (D:1)
  2 bats
  5 endoplasms
  A giant cockroach (D:2)
  3 hobgoblins
  3 jackals (D:2)
  3 quokkas
  2 frilled lizards
  8 goblins
  5 kobolds
  5 rats
40 creatures vanquished.

Vanquished Creatures (collateral kills)
  An adder (D:2)
  A jackal (D:2)
  2 rats (D:2)
4 creatures vanquished.

Vanquished Creatures (others)
  A bat zombie (D:2)
  A jackal zombie (D:2)
2 creatures vanquished.

Grand Total: 46 creatures vanquished

Notes
Turn   | Place    | Note
-------+----------+-------------------------------------------
     0 | D:1      | ryw the Demonspawn Monk began the quest for the Orb.
     0 | D:1      | Reached XP level 1. HP: 18/18 MP: 1/1
   359 | D:1      | Gained mutation: You sometimes gain a little power by
                  | taking damage. [demonic ancestry]
   359 | D:1      | Reached XP level 2. HP: 24/24 MP: 2/2
   806 | D:2      | Found a faded altar of an unknown god.
   815 | D:2      | Prayed at the altar of an unknown god.
   815 | D:2      | Became a worshipper of Yredelemnul the Dark
   815 | D:2      | Reached * piety under Yredelemnul
   815 | D:2      | Reached ** piety under Yredelemnul
   946 | D:2      | Reached skill level 4 in Fighting
  1241 | D:2      | Gained mutation: You sometimes gain power by taking damage.
                  | [demonic ancestry]
  1241 | D:2      | Reached XP level 3. HP: 29/30 MP: 3/3
  1585 | D:3      | Noticed Grinder
  1809 | D:2      | HP: 1/32 [Grinder (1)]
  1810 | D:2      | Slain by Grinder

Illustrated notes

Levels and vault maps discovered:
D:1:      ebering_hopf_link, layout_basic
D:2:      layout_basic, nicolae_ecumenical_oubliette, hangedman_decor_growths
D:3:      layout_rooms, roderic_serpentine_path, minmay_misc_feat_room,
          uniq_grinder, uniq_crazy_yiuf_cottage, uniq_sigmund, uniq_natasha

Skill      XL: |  1  2 |
---------------+-------+-----
Fighting       | 4 |  4.8
Dodging        | |  2.6
Stealth        | |  1.7
Unarmed Combat | |  2.6

Action                   || total
-------------------------++-------
Melee: Unarmed           ||   179
Invok: Recall Undead Har ||     1
  Use: Scroll            ||     2
 Stab: Sleeping          ||     7
Armor: Robe              ||    37
Dodge: Dodged            ||    96
Block: Buckler           ||    27

Table legend: (Time is in decaauts)
 A = Elapsed time spent in this place.
 B = Non-inter-level travel time spent in this place.
 C = Inter-level travel time spent in this place.
 D = Time resting spent in this place.
 E = Time spent auto-exploring this place.
 F = Levels seen in this place.
 G = Mean time per level.
                   A        B        C        D        E       F      G
               +--------+--------+--------+--------+--------+-----+--------+
         Total |   1811 |   1728 |     83 |    149 |   1105 |   3 |  603.7 |
       Dungeon |   1811 |   1728 |     83 |    149 |   1105 |   3 |  603.7 |
               +--------+--------+--------+--------+--------+-----+--------+

Top non-repeatable levels by time:
     D:2: 909 daAuts
     D:1: 850 daAuts
     D:3: 51 daAuts
